Map: Acolyte LE

Players

Mantis

  • Race: Zerg Zerg
  • Spawn Location: 1:00

Railgan - Winner!

  • Race: Zerg Zerg
  • League: Master
  • Spawn Location: 7:00

VOD

https://youtu.be/m-_bjsROrMI

Description

Time

  • Played on: July 19, 2017, 2:32 p.m.
  • Length: 8:23
Show
View Real Time Build Order
Export as new Build Order

Mantis Zerg 

Build Orders: Hatch First 

Get SALT Encoding   

  12  0:01  Drone  
  13  0:08  Drone  
  14  0:16  Overlord  
  14  0:22  Extractor  
  14  0:23  Drone  
  15  0:35  Drone x2  
  17  0:52  Hatchery  
  17  0:56  Drone  
  17  0:59  Drone  
  17  1:02  Extractor  
  17  1:15  Spawning Pool  
  17  1:17  Drone  
  17  1:21  Drone  
  18  1:28  Drone  
  19  1:39  Overlord  
  19  1:58  Drone  
  19  2:01  Drone  
  21  2:02  Queen, Metabolic Boost  
  21  2:06  Queen  
  25  2:10  Zergling x2  
  25  2:15  Drone  
  27  2:16  Drone  
  28  2:24  Baneling Nest  
  28  2:28  Zergling x2  
  28  2:29  Zergling x2  
  29  2:36  Zergling x2  
  30  2:37  Zergling x2  
  30  2:42  Overlord  
  31  2:50  Drone  
  32  2:59  Overlord  
  32  3:09  Drone  
  32  3:10  Evolution Chamber, Drone x2  
  34  3:15  Baneling  
  34  3:19  Drone x5  
  39  3:24  Drone  
  39  3:44  Zerg Ground Armor Level 1  
  39  3:45  Hatchery  
  38  3:49  Drone x2  
  38  3:52  Drone x2  
  42  4:02  Overlord  
  42  4:04  Drone x2  
  44  4:12  Queen, Evolution Chamber, Extractor  
  45  4:21  Drone  
  46  4:26  Zergling x2  
  46  4:27  Zergling x12  
  52  4:36  Overlord x2  
  52  4:42  Overlord  
  52  4:56  Overlord  
  52  4:57  Zergling x2  
  52  4:58  Hatchery, Zergling x12  
  58  5:00  Unknown  
  58  5:04  Lair  
  58  5:05  Zergling x2  
  60  5:14  Zergling x6  
  62  5:23  Zergling x6  
  62  5:27  Zergling x6  
  69  5:35  Zergling x2  
  69  5:36  Zergling x14  
  76  5:45  Zerg Melee Weapons Level 1  
  76  5:47  Drone x2  
  76  5:49  Extractor x2  
  76  5:55  Drone x3  
  79  6:02  Drone x4  
  79  6:03  Drone x3  
  85  6:16  Drone x4  
  85  6:17  Infestation Pit  
  88  6:20  Hydralisk Den  
  88  6:22  Spore Crawler  
  84  6:36  Unknown  
  75  6:48  Zergling x36  
  75  6:49  Zergling x2  
  78  7:03  Hydralisk  
  78  7:04  Hydralisk x4  
  81  7:14  Hydralisk  
  81  7:15  Hydralisk x2  
  87  7:19  Extractor  
  87  7:21  Spore Crawler  
  85  7:34  Hydralisk  
  86  7:45  Hydralisk  
  86  7:48  Overlord x2  
  86  7:50  Overlord  
  76  8:00  Zergling x2  
  76  8:01  Zergling x28  
Show
View Real Time Build Order
Export as new Build Order

Railgan Zerg - Winner!

Build Orders: Pool First 

Get SALT Encoding   

  12  0:01  Drone  
  13  0:12  Overlord  
  13  0:17  Drone  
  14  0:30  Drone x2  
  14  0:34  Drone  
  17  0:47  Spawning Pool  
  16  0:50  Drone  
  16  0:56  Drone  
  18  1:15  Extractor  
  18  1:16  Hatchery  
  16  1:19  Drone  
  16  1:20  Drone  
  18  1:30  Drone  
  19  1:38  Roach Warren  
  18  1:42  Queen  
  20  1:47  Drone  
  20  1:52  Zergling x2  
  22  2:01  Overlord  
  22  2:20  Queen  
  28  2:23  Roach x2  
  28  2:29  Queen  
  30  2:35  Drone  
  31  2:38  Drone  
  32  2:46  Overlord  
  32  2:47  Drone  
  33  2:55  Drone x2  
  34  2:59  Lair  
  34  3:01  Drone  
  35  3:06  Drone x2  
  37  3:13  Drone  
  37  3:16  Overlord  
  37  3:17  Drone  
  39  3:20  Zergling x2  
  40  3:28  Drone  
  40  3:29  Extractor  
  40  3:31  Drone x3  
  43  3:35  Overlord  
  43  3:37  Drone  
  44  3:45  Roach x2  
  49  3:48  Drone  
  49  3:53  Overlord  
  49  3:54  Drone  
  50  3:58  Drone, Extractor  
  50  3:59  Drone  
  50  4:01  Drone x3  
  54  4:13  Drone  
  54  4:14  Spire, Drone  
  55  4:19  Drone x3  
  58  4:27  Drone x2  
  58  4:29  Drone  
  58  4:30  Drone x2  
  63  4:32  Drone  
  63  4:33  Extractor  
  63  4:37  Overseer  
  63  4:52  Hatchery  
  62  5:06  Overlord  
  62  5:11  Roach x2  
  62  5:14  Overlord  
  66  5:15  Overlord  
  66  5:16  Overlord  
  66  5:28  Mutalisk x5  
  68  5:34  Mutalisk  
  78  5:46  Drone x6, Glial Reconstitution  
  78  5:48  Evolution Chamber  
  78  5:49  Evolution Chamber  
  82  5:57  Roach x2  
  86  5:58  Overlord  
  86  5:59  Roach  
  86  6:01  Roach  
  90  6:09  Roach  
  90  6:10  Roach x2  
  96  6:14  Roach x3  
  96  6:15  Roach  
  96  6:18  Zerg Missile Weapons Level 1  
  104  6:28  Drone  
  104  6:29  Overlord  
  105  6:36  Roach x3  
  107  6:40  Roach  
  107  6:47  Roach  
  107  6:48  Roach  
  107  6:51  Roach  
  107  6:52  Roach x3  
  119  6:57  Roach  
  121  7:05  Overlord x4  
  119  7:09  Overlord  
  119  7:15  Roach  
  121  7:20  Overlord  
  121  7:23  Roach x4  
  129  7:30  Roach x2  
  133  7:37  Roach  
  133  7:38  Roach x3  
  141  7:44  Roach  
  141  7:46  Roach  
  141  7:47  Roach x6  
  157  7:52  Roach  
  157  7:58  Roach x2  
  157  7:59  Roach  
Tags
 
League
Master
Matchup
ZvZ
Player
Railgan
Race
Zerg
Spawn Locations
Cross Positions
Add a new tag
Caveats
  • Supply blocks, unpowered buildings, or Contaminate may cause inaccurate times.
  • Supply counts are checked every 10 seconds.